PBL
NEW YORK YANKEES @ MILWAUKEE BREWERS
11/06/2056
 
TOP OF THE 1ST
New York Yankees batting - Pitching for Milwaukee Brewers : RHP José Núñez
Pitching: RHP José Núñez
Batting: RHB Guilhem Ciaravella 0-0: Ball
1-0: Fly out, F9 (Flyball, 9LM, EV 85.6 MPH)
Batting: RHB Jorge Taylor 0-0: Ball
1-0: Fly out, F8 (Line Drive, 8LXD, EV 98.1 MPH)
Batting: RHB Carl Holmes 0-0: Called Strike
0-1: Called Strike
0-2: Strikes out looking
Top of the 1st over - 0 runs, 0 hits, 0 errors, 0 left on base; New York 0 - Milwaukee 0
BOTTOM OF THE 1ST
Milwaukee Brewers batting - Pitching for New York Yankees : LHP Kevin López
Pitching: LHP Kevin López
Batting: SHB Yang Siu 0-0: Called Strike
0-1: Swinging Strike
0-2: Ball
1-2: Ball
2-2: Foul Ball, location: 2F
2-2: Fly out, F9 (Flyball, 9D, EV 100.0 MPH)
Batting: LHB Raúl Ferrer 0-0: SINGLE (Groundball, 6MD, EV 101.3 MPH)
Batting: LHB Alfonso Téllez 0-0: Called Strike
0-1: Ball
1-1: Swinging Strike
1-2: Strikes out looking
Batting: LHB Bill White 0-0: Called Strike
0-1: Ball
1-1: SINGLE (Line Drive, 4M, EV 100.0 MPH)
Raúl Ferrer to second
Runner from 2nd tries for 3rd, OUT! 8-5
Bottom of the 1st over - 0 runs, 2 hits, 0 errors, 1 left on base; New York 0 - Milwaukee 0
TOP OF THE 2ND
New York Yankees batting - Pitching for Milwaukee Brewers : RHP José Núñez
Batting: RHB Jin-song Xiu 0-0: Called Strike
0-1: Fly out, F8 (Line Drive, 8LM, EV 100.0 MPH)
Batting: SHB Félix Gómez 0-0: Fly out, F6 (Popup, 6D, EV 44.4 MPH)
Batting: RHB Iván Gómez 0-0: Called Strike
0-1: SINGLE (Flyball, 6MD, EV 86.9 MPH)
Batting: RHB Steve Bauer 0-0: Called Strike
0-1: Ball
1-1: Called Strike
1-2: Foul Ball, location: 2F
1-2: Ball
2-2: Fielders Choice at 2nd, 6-4 (Groundball, 6, EV 85.0 MPH)
Top of the 2nd over - 0 runs, 1 hit, 0 errors, 1 left on base; New York 0 - Milwaukee 0
BOTTOM OF THE 2ND
Milwaukee Brewers batting - Pitching for New York Yankees : LHP Kevin López
Batting: SHB Sumitomo Sasaki 0-0: Called Strike
0-1: Fly out, F7 (Flyball, 78D, EV 86.3 MPH)
Batting: LHB Gil Moore 0-0: Ball
1-0: Fly out, F4 (Line Drive, 4, EV 68.1 MPH)
Batting: LHB Luis Hernández 0-0: Ball
1-0: Ball
2-0: SINGLE (Line Drive, 7S, EV 92.5 MPH)
Batting: RHB Cliff Black 0-0: Swinging Strike
0-1: Foul Ball, location: 2F
0-2: Strikes out swinging
Bottom of the 2nd over - 0 runs, 1 hit, 0 errors, 1 left on base; New York 0 - Milwaukee 0
TOP OF THE 3RD
New York Yankees batting - Pitching for Milwaukee Brewers : RHP José Núñez
Batting: LHB Héctor Trejo 0-0: Called Strike
0-1: Ball
1-1: Ball
2-1: Ground out 4-3 (Groundball, 34, EV 86.9 MPH)
Batting: LHB George Westbrooks 0-0: Foul Ball, location: 2F
0-1: Swinging Strike
0-2: Foul Ball, location: 2F
0-2: Strikes out swinging
Batting: RHB Guilhem Ciaravella 0-0: Called Strike
0-1: Ball
1-1: Ball
2-1: Ball
3-1: Base on Balls
Batting: RHB Jorge Taylor 0-0: Fly out, F8 (Flyball, 8LXD, EV 100.0 MPH)
Top of the 3rd over - 0 runs, 0 hits, 0 errors, 1 left on base; New York 0 - Milwaukee 0
BOTTOM OF THE 3RD
Milwaukee Brewers batting - Pitching for New York Yankees : LHP Kevin López
Batting: LHB Elmer Stewart 0-0: Ground out U3 (Groundball, 34S, EV 83.1 MPH)
Batting: SHB Yang Siu 0-0: Ball
1-0: Ball
2-0: Ball
3-0: Called Strike
3-1: Base on Balls
Batting: LHB Raúl Ferrer 0-0: Called Strike
0-1: Ball
1-1: Foul Ball, location: 2F
1-2: Foul Ball, location: 2F
1-2: Ball
2-2: 2-RUN HOME RUN (Flyball, 7LD, EV 104.4 MPH), Distance : 394 ft
Batting: LHB Alfonso Téllez 0-0: Foul Ball, location: 2F
0-1: Foul Ball, location: 2F
0-2: Ball
1-2: Strikes out swinging
Batting: LHB Bill White 0-0: Ball
1-0: Swinging Strike
1-1: Foul Ball, location: 2F
1-2: SOLO HOME RUN (Flyball, 89XD, EV 103.1 MPH), Distance : 395 ft
Batting: SHB Sumitomo Sasaki 0-0: Called Strike
0-1: DOUBLE (Line Drive, 9LM, EV 108.1 MPH)
Batting: LHB Gil Moore 0-0: Ball
1-0: SINGLE (Groundball, 4M, EV 98.8 MPH)
Sumitomo Sasaki to third
Runner from 3rd tries for Home, SAFE, throw by CF to home
Batting: LHB Luis Hernández 0-0: Ball
1-0: Fly out, F3 (Popup, 3, EV 75.0 MPH)
Bottom of the 3rd over - 4 runs, 4 hits, 0 errors, 1 left on base; New York 0 - Milwaukee 4
TOP OF THE 4TH
New York Yankees batting - Pitching for Milwaukee Brewers : RHP José Núñez
Batting: RHB Carl Holmes 0-0: Ball
1-0: TRIPLE (Groundball, 3L, EV 104.4 MPH)
Batting: RHB Jin-song Xiu 0-0: Reached on error, E5 (Groundball, 56, EV 81.9 MPH)
Carl Holmes scores
Batting: SHB Félix Gómez 0-0: Ball
1-0: Called Strike
1-1: Ground out 5-3 (Groundball, 56S, EV 70.0 MPH)
Jin-song Xiu to second
Batting: RHB Iván Gómez 0-0: Ball
1-0: Foul Ball, location: 2F
1-1: 2-RUN HOME RUN (Flyball, 9D, EV 96.3 MPH), Distance : 364 ft
Batting: RHB Steve Bauer 0-0: Ball
1-0: Ball
2-0: Called Strike
2-1: Ball
3-1: Base on Balls
Batting: LHB Héctor Trejo 0-0: Ball
1-0: Called Strike
1-1: Called Strike
1-2: Foul Ball, location: 2F
1-2: Grounds into double play, 3-6-3 (Groundball, 3S, EV 85.0 MPH)
Top of the 4th over - 3 runs, 2 hits, 1 error, 0 left on base; New York 3 - Milwaukee 4
BOTTOM OF THE 4TH
Milwaukee Brewers batting - Pitching for New York Yankees : LHP Kevin López
Batting: RHB Cliff Black 0-0: Ball
1-0: Fly out, F9 (Flyball, 9S, EV 81.3 MPH)
Batting: LHB Elmer Stewart 0-0: Ball
1-0: Fly out, F6 (Popup, 6S, EV 67.5 MPH)
Batting: SHB Yang Siu 0-0: Foul Ball, location: 2F
0-1: Foul Ball, location: 2F
0-2: Foul Ball, location: 2F
0-2: Ball
1-2: Ball
2-2: Fly out, F2 (Popup, 2LF, EV 86.9 MPH)
Bottom of the 4th over - 0 runs, 0 hits, 0 errors, 0 left on base; New York 3 - Milwaukee 4
TOP OF THE 5TH
New York Yankees batting - Pitching for Milwaukee Brewers : RHP José Núñez
Batting: LHB George Westbrooks 0-0: Ball
1-0: Foul Ball, location: 2F
1-1: Fly out, F7 (Flyball, 7S, EV 83.1 MPH)
Batting: RHB Guilhem Ciaravella 0-0: Called Strike
0-1: Called Strike
0-2: SINGLE (Groundball, 6M, EV 110.0 MPH) (infield hit)
Batting: RHB Jorge Taylor 0-0: Ball
1-0: Called Strike
1-1: Called Strike
1-2: Ball
2-2: Foul Ball, location: 2F
2-2: Ball
3-2: Foul Ball, location: 2F
3-2: Foul Ball, location: 2F
3-2: Foul Ball, location: 2F
3-2: Foul Ball, location: 2F
3-2: Foul Ball, location: 2F
3-2: Base on Balls
Guilhem Ciaravella to second
Batting: RHB Carl Holmes 0-0: Ball
1-0: Ball
2-0: Ball
3-0: Grounds into double play, 4-6-3 (Groundball, 4M, EV 88.8 MPH)
Top of the 5th over - 0 runs, 1 hit, 0 errors, 1 left on base; New York 3 - Milwaukee 4
BOTTOM OF THE 5TH
Milwaukee Brewers batting - Pitching for New York Yankees : LHP Kevin López
Batting: LHB Raúl Ferrer 0-0: Fly out, F8 (Flyball, 8LD, EV 91.3 MPH)
Batting: LHB Alfonso Téllez 0-0: Ball
1-0: Foul Ball, location: 2F
1-1: Ground out 4-3 (Groundball, 4, EV 107.5 MPH)
Batting: LHB Bill White 0-0: Ball
1-0: Foul Ball, location: 2F
1-1: Ground out 1-3 (Groundball, 13S, EV 70.6 MPH)
Bottom of the 5th over - 0 runs, 0 hits, 0 errors, 0 left on base; New York 3 - Milwaukee 4
TOP OF THE 6TH
New York Yankees batting - Pitching for Milwaukee Brewers : RHP José Núñez
Batting: RHB Jin-song Xiu 0-0: Called Strike
0-1: Ground out 6-3 (Groundball, 6, EV 83.8 MPH)
Batting: SHB Félix Gómez 0-0: Ball
1-0: Foul Ball, location: 2F
1-1: DOUBLE (Line Drive, 78D, EV 111.3 MPH)
Batting: RHB Iván Gómez 0-0: Called Strike
0-1: Ball
1-1: Called Strike
1-2: Ground out 6-3 (Groundball, 6, EV 80.6 MPH)
Batting: RHB Steve Bauer 0-0: Ball
1-0: Fly out, F8 (Flyball, 78XD, EV 99.4 MPH)
Top of the 6th over - 0 runs, 1 hit, 0 errors, 1 left on base; New York 3 - Milwaukee 4
BOTTOM OF THE 6TH
Milwaukee Brewers batting - Pitching for New York Yankees : LHP Kevin López
Batting: SHB Sumitomo Sasaki 0-0: Swinging Strike
0-1: Ball
1-1: Ball
2-1: Foul Ball, location: 2F
2-2: Strikes out swinging
Batting: LHB Gil Moore 0-0: Ball
1-0: Ball
2-0: Foul Ball, location: 2F
2-1: Called Strike
2-2: Foul Ball, location: 2F
2-2: Ground out 2-3 (Groundball, 15S, EV 61.3 MPH)
Batting: LHB Luis Hernández 0-0: Foul Ball, location: 2F
0-1: Swinging Strike
0-2: Strikes out looking
Bottom of the 6th over - 0 runs, 0 hits, 0 errors, 0 left on base; New York 3 - Milwaukee 4
TOP OF THE 7TH
New York Yankees batting - Pitching for Milwaukee Brewers : RHP José Núñez
Pitching: RHP Curtis Bates
Batting: LHB Héctor Trejo 0-0: Foul Ball, location: 2F
0-1: Ball
1-1: Ball
2-1: Ball
3-1: Called Strike
3-2: Fly out, F5 (Line Drive, 5, EV 66.3 MPH)
Batting: LHB George Westbrooks 0-0: Ball
1-0: Ball
2-0: Ball
3-0: Ground out 3-1 (Groundball, 34, EV 81.9 MPH)
Batting: RHB Guilhem Ciaravella 0-0: Ball
1-0: Ball
2-0: Foul Ball, location: 2F
2-1: Swinging Strike
2-2: Ball
3-2: Foul Ball, location: 2F
3-2: Strikes out swinging
Top of the 7th over - 0 runs, 0 hits, 0 errors, 0 left on base; New York 3 - Milwaukee 4
BOTTOM OF THE 7TH
Milwaukee Brewers batting - Pitching for New York Yankees : LHP Kevin López
Batting: RHB Cliff Black 0-0: Foul Ball, location: 2F
0-1: Called Strike
0-2: Foul Ball, location: 2F
0-2: Foul Ball, location: 2F
0-2: Strikes out swinging
Batting: LHB Elmer Stewart 0-0: Ball
1-0: Ball
2-0: Ball
3-0: Called Strike
3-1: Called Strike
3-2: Ground out 4-3 (Groundball, 4, EV 81.9 MPH)
Batting: SHB Yang Siu 0-0: Called Strike
0-1: Called Strike
0-2: Ball
1-2: Strikes out swinging
Bottom of the 7th over - 0 runs, 0 hits, 0 errors, 0 left on base; New York 3 - Milwaukee 4
TOP OF THE 8TH
New York Yankees batting - Pitching for Milwaukee Brewers : RHP Curtis Bates
Batting: RHB Jorge Taylor 0-0: Ball
1-0: Swinging Strike
1-1: Foul Ball, location: 2F
1-2: Ground out 6-3 (Groundball, 56, EV 82.5 MPH)
Batting: RHB Carl Holmes 0-0: Foul Ball, location: 2F
0-1: Ball
1-1: Called Strike
1-2: Ball
2-2: SINGLE (Line Drive, 8LM, EV 91.9 MPH)
Pitching: RHP Matt Hines
Batting: RHB Jin-song Xiu 0-0: Called Strike
0-1: Hit by Pitch
Carl Holmes to second
Batting: SHB Félix Gómez 0-0: Called Strike
0-1: Swinging Strike
0-2: Ball
1-2: Strikes out swinging
Batting: RHB Iván Gómez 0-0: Fly out, F9 (Line Drive, 9, EV 99.4 MPH)
Top of the 8th over - 0 runs, 1 hit, 0 errors, 2 left on base; New York 3 - Milwaukee 4
BOTTOM OF THE 8TH
Milwaukee Brewers batting - Pitching for New York Yankees : LHP Kevin López
Pitching: LHP Alex Greene
Batting: LHB Raúl Ferrer 0-0: Ball
1-0: Fly out, F8 (Flyball, 78D, EV 96.9 MPH)
Batting: LHB Alfonso Téllez 0-0: Swinging Strike
0-1: Foul Ball, location: 2F
0-2: Foul Ball, location: 2F
0-2: Ball
1-2: Ball
2-2: Strikes out swinging
Batting: LHB Bill White 0-0: Called Strike
0-1: SINGLE (Groundball, 4D, EV 98.1 MPH)
Batting: SHB Sumitomo Sasaki 0-0: Called Strike
0-1: Ball
1-1: Ball
2-1: Swinging Strike
2-2: Ground out 1-3 (Groundball, 15S, EV 62.5 MPH)
Bottom of the 8th over - 0 runs, 1 hit, 0 errors, 1 left on base; New York 3 - Milwaukee 4
TOP OF THE 9TH
New York Yankees batting - Pitching for Milwaukee Brewers : RHP Matt Hines
Now in LF: Tim Malone
Batting: RHB Steve Bauer 0-0: Ball
1-0: Fly out, F7 (Flyball, 7D, EV 107.5 MPH)
Batting: LHB Héctor Trejo 0-0: Called Strike
0-1: Ball
1-1: Foul Ball, location: 2F
1-2: Foul Ball, location: 2F
1-2: Foul Ball, location: 2F
1-2: Ball
2-2: Ball
3-2: Fly out, F7 (Flyball, 7, EV 80.6 MPH)
Batting: LHB George Westbrooks 0-0: Swinging Strike
0-1: Ball
1-1: Ball
2-1: Foul Ball, location: 2F
2-2: Foul Ball, location: 2F
2-2: Strikes out swinging
Top of the 9th over - 0 runs, 0 hits, 0 errors, 0 left on base; New York 3 - Milwaukee 4
Monday, November 23rd, 2020 - OOTP Baseball 21.6 Build 82